 Dungeon Crawl Stone Soup version 0.30-a0-618-gd6c86c23d0 (webtiles) character file.

Game seed: 15753280973634753694

25 dr0g0th the Poker (level 2, 0/22 HPs)
             Began as a Demonspawn Gladiator on Jan 9, 2023.
             Slain by an adder (2 damage)
             ... on level 1 of the Dungeon.
             The game lasted 00:00:50 (865 turns).

dr0g0th the Poker (Demonspawn Gladiator)             Turns: 865, Time: 00:00:50

Health: 0/22       AC:  4    Str: 14    XL:     2   Next: 82%
Magic:  2/2        EV: 12    Int: 11    God:
Gold:   47         SH:  0    Dex: 14    Spells: 1/1 levels left

rFire   . . .      SeeInvis .    a - +0 trident
rCold   . . .      Faith    .    (no shield)
rNeg    . . .      Spirit   .    b - +0 leather armour
rPois   .          Reflect  .    c - +0 helmet
rElec   .          Harm     .    (no cloak)
rCorr   .          Rampage  .    (no gloves)
Will    .....                    (no boots)
Stlth   +                        (no amulet)
HPRegen 0.23/turn                (no ring)
MPRegen 0.08/turn                (no ring)

@: no status effects
A: big brain 1
a: no special abilities


You were on level 1 of the Dungeon.
You visited 1 branch of the dungeon, and saw 2 of its levels.

You collected 47 gold pieces.

Inventory:

Hand Weapons
 a - a +0 trident (weapon)
Missiles
 d - 3 throwing nets (quivered)
 e - a javelin
Armour
 b - a +0 leather armour (worn)
 c - a +0 helmet (worn)
Scrolls
 i - a scroll of silence {unknown}
 k - a scroll of amnesia {unknown}
 l - 2 scrolls of poison {unknown}
Potions
 f - a potion of flight {unknown}
 g - a potion of degeneration {unknown}
 h - a potion of brilliance {unknown}
 j - a potion of heal wounds {unknown}
 m - a potion of resistance {unknown}
 n - a potion of cancellation {unknown}
 o - a potion of haste {unknown}


   Skills:
 + Level 2.2 Fighting
 + Level 3.3 Polearms
 + Level 2.0 Throwing
 + Level 2.8 Dodging


You had one spell level left.
You didn't know any spells.
Your spell library was empty.

Dungeon Overview and Level Annotations

Branches:
Dungeon (2/15)

Altars:


Innate Abilities, Weirdness & Mutations

You have an unusually large brain. (Int +2)


Message History

The adder bites you. The adder barely misses you.
The adder attacks as you move away! The adder closely misses you.
You hit the worm.
The worm is almost dead.
The adder barely misses you. The adder bites you.
The worm bites you but does no damage.
You are too injured to fight recklessly!
You are too injured to fight recklessly!
You are too injured to fight recklessly!
The adder attacks as you move away! The adder bites you.
The adder closely misses you. The adder barely misses you.
There is a stone staircase leading up here.
The adder barely misses you.
You climb upwards.
There is a stone staircase leading down here.
You are too injured to fight recklessly!
You are too injured to fight recklessly!
You are too injured to fight recklessly!
You closely miss the adder. The adder bites you.
The adder bites you but does no damage.
You miss the adder. The adder bites you.
* * * LOW HITPOINT WARNING * * *
You hit the adder.
The adder is moderately wounded.
The adder barely misses you.
You hit the adder.
The adder is severely wounded.
The adder bites you.
* * * LOW HITPOINT WARNING * * *
The adder barely misses you.
You closely miss the adder.
The adder is heavily wounded.
The adder bites you.
* * * LOW HITPOINT WARNING * * *
The adder closely misses you.
You miss the adder.
The adder is heavily wounded.
The adder bites you.
You die...

.##.# #..#
.##.######..#######
.##.#.............#
.##.#.#...........#
....#.#.##.#####..#
.##.#.#.##.# ##..#
......#.##.# #...#
.......#...# #..##
.##.###.#### #.@#
.##.# #.# #S.#
###.# #.#######..#
..).# #.....†....#
###.# #########.##
....# #.# .#### #.#
.###### #.#
......#########.#


You could see an adder.

Vanquished Creatures
  A dart slug (D:1)
  A ball python (D:1)
  An endoplasm (D:1)
  3 giant cockroaches (D:1)
  5 goblins (D:1)
  2 hobgoblins (D:1)
  2 quokkas (D:1)
  A frilled lizard (D:1)
  2 kobolds (D:1)
  A rat (D:1)
19 creatures vanquished.

Notes
Turn   | Place    | Note
-------+----------+-------------------------------------------
     0 | D:1      | dr0g0th the Demonspawn Gladiator began the quest for the
                  | Orb.
     0 | D:1      | Reached XP level 1. HP: 16/16 MP: 1/1
   152 | D:1      | Reached skill level 3 in Polearms
   152 | D:1      | Gained mutation: You have an unusually large brain. (Int
                  | +2) [demonic ancestry]
   152 | D:1      | Reached XP level 2. HP: 4/22 MP: 2/2
   865 | D:1      | Slain by an adder

Illustrated notes

Levels and vault maps discovered:
D:1:      dpeg_arrival_ternary, layout_loops_ring,
          chequers_serial_rivers_micro_c
D:2:      layout_basic, moated_statue

Skill      XL: |  1  2 |
---------------+-------+-----
Polearms       | 3 |  3.3
Throwing       | 2 |  2.0
Fighting       | |  2.2
Dodging        | |  2.8

Action                   || total
-------------------------++-------
Melee: Trident           ||    73
 Stab: Sleeping          ||     1
Armor: Leather armour    ||    16
Dodge: Dodged            ||    43

Table legend: (Time is in decaauts)
 A = Elapsed time spent in this place.
 B = Non-inter-level travel time spent in this place.
 C = Inter-level travel time spent in this place.
 D = Time resting spent in this place.
 E = Time spent auto-exploring this place.
 F = Levels seen in this place.
 G = Mean time per level.
                   A        B        C        D        E       F      G
               +--------+--------+--------+--------+--------+-----+--------+
         Total |    876 |    822 |     54 |     76 |    584 |   2 |  438.0 |
       Dungeon |    876 |    822 |     54 |     76 |    584 |   2 |  438.0 |
               +--------+--------+--------+--------+--------+-----+--------+

Top non-repeatable levels by time:
     D:1: 805 daAuts
     D:2: 70 daAuts
